 Dungeon Crawl Stone Soup version 0.14-a0-1663-g0b35444 (webtiles) character file.

93 4tharraofdagon the Firebug (level 3, 1/28 HPs)
             Began as a Naga Fire Elementalist on Dec 30, 2013.
             Was an Initiate of Vehumet.
             Quit the game on Level 4 of the Dungeon.
             The game lasted 00:05:44 (761 turns).

4tharraofdagon the Firebug (Naga Fire Elementalist)  Turns: 761, Time: 00:05:44

HP   1/28        AC  2     Str 10      XL: 3   Next: 12%
MP   6/6         EV 10     Int 16      God: Vehumet [......]
Gold 65          SH  0     Dex 11      Spells:  2 memorised,  2 levels left

rFire  . . .     SeeInvis +     f - scroll of amnesia
rCold  . . .     Clarity  .     a - +0 robe
rNeg   . . .     Conserve .     (no shield)
rPois  +         rCorr    .     (no helmet)
rElec  .         rRot     .     (no cloak)
SustAb . .       Spirit   .     (no gloves)
rMut   .         Warding  .     (no barding)
Saprov . . .     Stasis   .     (no amulet)
                                (no ring)
                                (no ring)

@: very slow, slightly resistant to hostile enchantments, fairly stealthy
A: spit poison, see invisible, deformed body, poison resistance, slowness 2, AC
+1
a: Spit Poison, Renounce Religion


You were on level 4 of the Dungeon.
You worshipped Vehumet.
Vehumet was noncommittal.
You were not hungry.

You visited 2 branches of the dungeon, and saw 5 of its levels.

You collected 65 gold pieces.

Inventory:

Hand weapons
 e - a +2,+3 orcish hand axe
Armour
 a - a +0 robe (worn)
Comestibles
 c - 4 bread rations
 d - an apple
 g - 3 rotting chunks of orc flesh
 j - a meat ration
Scrolls
 f - a scroll of amnesia (in hand)
Jewellery
 i - an uncursed ring of teleportation
Books
 b - a book of Flames

   Spells                             Type                      Level
   *Flame Tongue                      Conjuration/Fire             1
   Throw Flame                        Conjuration/Fire             2
   *Conjure Flame                     Conjuration/Fire             3
   Inner Flame                        Hexes/Fire                   3
   Sticky Flame                       Conjuration/Fire             4
   Fireball                           Conjuration/Fire             5


   Skills:
 - Level 1.5 Dodging
 - Level 3.0 Stealth
 + Level 2.3 Spellcasting
 * Level 1.9 Conjurations
 * Level 3.4 Fire Magic


You had 2 spell levels left.
You knew the following spells:

 Your Spells              Type           Power        Failure   Level  Hunger
a - Flame Tongue          Conj/Fire      ##...        10%         1    #......
b - Conjure Flame         Conj/Fire      ##......     21%         3    ####...


Dungeon Overview and Level Annotations

Branches:
Dungeon (4/16)             Temple (1/1) D:4

Altars:
Ashenzari
Kikubaaqudgha
Nemelex Xobeh
Okawaru
Trog
Vehumet
Xom
Yredelemnul
Zin


Innate Abilities, Weirdness & Mutations

You cannot wear boots.
You can spit poison.
Your serpentine skin is tough (AC +1).
You have supernaturally acute eyesight.
Armour fits poorly on your strangely shaped body.
Your system is resistant to poisons.
You cover ground very slowly.


Message History

You finish butchering the hobgoblin corpse.
Things that are here:
a hobgoblin skeleton; a club; a chunk of hobgoblin flesh Eat a chunk of hobgoblin flesh? (ye/n/q/i?) This raw flesh tastes terrible.
You continue eating.
Magic restored.
Found a shattered altar of Ashenzari.
Found a short sword.
There is a stone staircase leading down here.
You climb downwards.
The worm bites you!
* * * LOW HITPOINT WARNING * * *
The adder closely misses you. The goblin hits you but does no damage.
A giant cockroach comes into view.
There is a stone staircase leading up here.
Unknown command.
Read which item? (? for menu, Esc to quit)
Okay, then.
You aren't carrying any potions.
Are you sure you want to abandon this character and quit the game? (Confirm with "yes".)

.########
#..........
#...........
#.......G....
#.......?.... #
###............ .
.........S......#
.
........@.....s.#
.###+#.g.w......#
#....####..
#....# #....#
#### ###+#....#
.... .........#
..... .........#
..... .......(#


You could see a worm, a giant eyeball (wandering), an adder, a giant cockroach
(wandering) and a goblin.

Vanquished Creatures
  An orc (D:4)
  A bat (D:4)
  3 giant cockroaches
  4 goblins
  4 hobgoblins
  3 kobolds
  An ooze (D:2)
  A quokka (D:4)
  2 ball pythons (D:1)
  A giant gecko (D:1)
  A giant newt (D:1)
  A rat (D:2)
23 creatures vanquished.

Notes
Turn   | Place    | Note
--------------------------------------------------------------
     0 | D:1      | 4tharraofdagon, the Naga Fire Elementalist, began the quest for the Orb.
     0 | D:1      | Reached XP level 1. HP: 15/15 MP: 3/3
   254 | D:1      | Reached XP level 2. HP: 22/22 MP: 4/4
   543 | D:4      | Found a staircase to the Ecumenical Temple.
   553 | D:4      | Reached XP level 3. HP: 14/28 MP: 1/6
   558 | D:4      | Learned a level 3 spell: Conjure Flame
   559 | Temple   | Entered the Ecumenical Temple
   579 | Temple   | Became a worshipper of Vehumet
   736 | D:3      | Found a shattered altar of Ashenzari.
   760 | D:4      | HP: 1/28 [worm (10)]
   761 | D:4      | Quit the game

Action                   || total
-------------------------++-------
Melee: Unarmed           ||    15
       Hand axe          ||     1
 Cast: Flame Tongue      ||    22
 Abil: Spit Poison       ||    25
  Use: Potion            ||     4
       Scroll            ||     7
